 Dungeon Crawl Stone Soup version 0.22-a0-238-gd711f93 (webtiles) character file.

533846 MatthieuS the Acrobat (level 27, 0/162 HPs)
             Began as a Kobold Enchanter on Feb 18, 2018.
             Was a Priest of Zin.
             Splashed by an acid blob's acid (2 damage)
             ... created by the Royal Jelly
             ... on level 2 of the Pits of Slime on Feb 21, 2018.
             The game lasted 05:59:26 (73746 turns).

MatthieuS the Acrobat (Kobold Enchanter)           Turns: 73746, Time: 05:59:27

Health: 0/162      AC: 19    Str: 14    XL:     27
Magic:  44/50      EV: 41    Int: 25    God:    Zin [***...]
Gold:   2834       SH: 12    Dex: 32    Spells: 1/55 levels left

rFire    + . .     SeeInvis +   a - +9 rapier (elec)
rCold    + . .     Gourm    .   X - +3 buckler {rC+ rF+}
rNeg     + + +     Faith    .   y - +5 robe of Paecweg {MR++ Regen+ rCorr Int+3}
rPois    ∞         Spirit   .   S - +2 helmet
rElec    .         Reflect  .   W - +2 cloak of the Thief {+Fog Slay-2 SInv Stlth+}
rCorr    +         Harm     .   x - +2 pair of gloves
MR       +++++                  z - +2 pair of boots of Uraulon {rN+++ Str+3 Dex-4 Stlth+}
Stlth    ++++++++++             v - amulet of magic regeneration
HPRegen  0.77/turn              T - +3 ring of protection
MPRegen  0.57/turn              N - ring of Fonuosia {MR+ MP+9 Int-2 Dex+6 Stlth+}

@: icy armour, vitalised, corroded, very slightly contaminated, studying 3
skills, slow
A: small, carnivore, frail 1
}: 3/15 runes: decaying, serpentine, silver
a: Recite, Vitalisation, Imprison, Donate Gold, Renounce Religion, Evoke Fog


You were on level 2 of the Pits of Slime.
You worshipped Zin.
Zin was most pleased with you.
You were not hungry.

You visited 9 branches of the dungeon, and saw 49 of its levels.
You visited the Abyss 1 time.
You also visited: Ossuary.

You collected 6439 gold pieces.
You spent 3147 gold pieces at shops.
You donated 458 gold pieces to Zin.

Inventory:

Hand Weapons
 a - a +9 rapier of electrocution (weapon)
 q - the +1 quick blade of Emetwif {holy, Str+7 Int+3}
   (You found it on level 5 of the Vaults)

   It has been blessed by the Shining One to cause great damage to the undead
   and demons.
   It affects your strength (+7).
   It affects your intelligence (+3).
Missiles
 D - a throwing net (quivered)
Armour
 x - a +2 pair of gloves (worn)
 y - the +5 robe of Paecweg (worn) {MR++ Regen+ rCorr Int+3}
   (You bought it in a shop on level 8 of the Dungeon)

   It affects your intelligence (+3).
   It affects your resistance to hostile enchantments.
   It increases your rate of regeneration.
   It protects you from acid and corrosion.
 z - the +2 pair of boots of Uraulon (worn) {rN+++ Str+3 Dex-4 Stlth+}
   (You found it on level 3 of the Depths)

   It affects your strength (+3).
   It affects your dexterity (-4).
   It renders you almost immune to negative energy.
   It makes you more stealthy.
 S - a +2 helmet (worn)
 W - the +2 cloak of the Thief (worn) {+Fog Slay-2 SInv Stlth+}
   (You bought it in a shop on level 14 of the Dungeon)

   It affects your accuracy and damage with ranged weapons and melee attacks
   (-2).
   It lets you see invisible.
   It makes you more stealthy.
 X - a +3 buckler of resistance (worn)
Jewellery
 g - an uncursed ring of protection from fire
 v - an amulet of magic regeneration (around neck)
 I - an uncursed ring of protection from cold
 N - the ring of Fonuosia (right hand) {MR+ MP+9 Int-2 Dex+6 Stlth+}
   (You took it off a deep elf demonologist on level 4 of the Depths)

   [ring of protection from magic]

   It affects your intelligence (-2).
   It affects your dexterity (+6).
   It affects your resistance to hostile enchantments.
   It affects your magic capacity (+9).
   It makes you more stealthy.
 O - an uncursed ring of wizardry
 T - a +3 ring of protection (left hand)
Wands
 p - a wand of digging (36)
 r - a wand of disintegration (17)
 H - a wand of enslavement (44)
 K - a wand of paralysis (42)
 L - a wand of acid (1)
Scrolls
 h - 24 scrolls of remove curse
 i - 8 scrolls of magic mapping
 j - a scroll of enchant weapon
 k - 6 scrolls of amnesia
 l - 6 scrolls of identify
 m - 7 scrolls of teleportation
 n - 8 scrolls of fear
 s - 3 scrolls of fog
 u - 2 scrolls of brand weapon
Potions
 e - 3 potions of brilliance
 f - 6 potions of cancellation
 G - 5 potions of flight
 M - 2 potions of magic
 U - 7 potions of mutation
Books
 o - a manual of Shields
 t - a manual of Summonings
 V - a manual of Dodging
Miscellaneous
 w - a lamp of fire (inert)
Comestibles
 c - 15 rations


   Skills:
 + Level 20.6 Fighting
 - Level 18.0 Short Blades
 - Level 5.0 Armour
 + Level 23.6 Dodging
 - Level 22.5 Stealth
 - Level 7.7 Shields
 - Level 14.6 Spellcasting
 - Level 14.0 Hexes
 - Level 7.0 Charms
 * Level 12.1 Summonings
 - Level 4.0 Translocations
 - Level 3.3 Ice Magic
 - Level 4.2 Air Magic
 - Level 14.3 Invocations
 - Level 4.0 Evocations


You had one spell level left.
You knew the following spells:

 Your Spells              Type           Power        Failure   Level  Hunger
a - Ensorcelled Hibernat  Hex/Ice        ######       1%          2    None
b - Confuse               Hex            ######..     1%          3    None
c - Dazzling Spray        Conj/Hex       ######       1%          3    None
d - Shadow Creatures      Summ           N/A          3%          6    ####...
f - Apportation           Tloc           #####.       1%          1    None
g - Ozocubu's Armour      Chrm/Ice       #####...     1%          3    None
h - Shroud of Golubria    Chrm/Tloc      #####.....   1%          2    None
i - Infusion              Chrm           ####         1%          1    None
j - Blink                 Tloc           N/A          1%          2    None
k - Summon Mana Viper     Hex/Summ       ######..     1%          5    ##.....
l - Invisibility          Hex            ######..     1%          6    ####...
m - Silence               Hex/Air        ######....   1%          5    ##.....
n - Darkness              Hex            ######....   1%          6    ####...
o - Aura of Abjuration    Summ           ######....   1%          5    ##.....
p - Cause Fear            Hex            ######....   1%          4    None


Dungeon Overview and Level Annotations

Branches:
Dungeon (15/15)            Temple (0/1) D:7            Lair (6/6) D:8
  Swamp (4/4) Lair:3        Snake (4/4) Lair:2        Slime (5/5) Lair:6
    Orc (2/2) D:9             Elf (3/3) Orc:2        Vaults (5/5) D:13
  Crypt (0/3) Vaults:3     Depths (5/5) D:15
    Zot: Depths:5

Altars:
Cheibriados
Dithmenos
Elyvilon
Fedhas
Gozag
Kikubaaqudgha
Makhleb
Nemelex Xobeh
Ru
Trog
Wu Jian
Yredelemnul
Zin
The Shining One
Jiyva

Shops:
D:8 *   D:11 !   D:14 *[(*   Orc:2 ([*:   Elf:3 :   Vaults:1 =   Vaults:3 [
Depths:3 [   Depths:4 *

Portals:
Hell: Depths:1 Depths:2 Depths:3 Depths:4 Depths:5
Abyss: Depths:4
Pandemonium: Depths:2 Depths:3 Depths:4
Ziggurat: Depths:4

Annotations:
D:4 MatthieuS's ghost, novice TeAE
D:5 exclusion: upstairs
Slime:5 Royal Jelly


Innate Abilities, Weirdness & Mutations

You are small and have problems with some larger weapons.
You are carnivorous and can eat meat at any time.
You are frail. (-10% HP)


Message History

Unknown command.
You block the acid blob's attack. The acid blob spits acid at you.
The splash of acid hits you! You resist. The acid corrodes you!
You are splashed with acid!
The acid burns!
You resist.
* * * LOW HITPOINT WARNING * * *
The acid blob spits acid at you. The splash of acid misses you.
You climb upwards.
There is a stone staircase leading down here.
Okay, then.
Okay, then.
Press: ? - help, Dir - move target cursor, f - acid blob
Aim: an acid blob You need more space to imprison the acid blob.
You hit the acid blob but do no damage.
Your hands burn!
* * * LOW HITPOINT WARNING * * *
Unknown command.
You hit the acid blob.
Your hands burn!
You die...

..........#### ##.........
..........#.###..........
#.......#...###.........
#.#.........#..........#. .
#.......<...#......#....
..#.#...................#...
.....................<....
.............#^..J........
.##.............@......##.
####.#...............##
#...#.#.........<...#
##.##.##.#..........##
###.................#
##..#.##.#....##.##
#....###........##.##
##....#..............
###.................


You could see an acid blob.

Vanquished Creatures
  Bai Suzhen (Depths:3)
  Margery (Vaults:4)
  Vashnia (Snake:3)
  3 golden dragons
  2 caustic shrikes
  Jory (Depths:2)
  A bone dragon (Swamp:3)
  Jorgrun (Swamp:2)
  3 liches
  Rupert (D:15)
  3 tentacled monstrosities
  A deep elf master archer (Elf:3)
  2 deep elf blademasters (Elf:3)
  13 acid blobs
  Frances (D:14)
  A quicksilver dragon (Vaults:5)
  Agnes (Snake:1)
  4 sphinxes
  Gastronok (D:9)
  2 shadow dragons
  6 tengu reavers
  A thorn hunter (Swamp:1)
  Kirke (D:15)
  12 azure jellies
  5 storm dragons
  14 vault wardens
  7 nagarajas (Snake:4)
  9 deep elf sorcerers
  An orc warlord (Orc:2)
  9 fire giants
  4 frost giants
  Aizul (Vaults:4)
  7 deep elf elementalists
  A cacodemon (Depths:2)
  A war gargoyle (Vaults:4)
  15 ironheart preservers
  22 stone giants
  6 very ugly things
  4 spriggan defenders (Depths:4)
  An entropy weaver (Vaults:2)
  Nessos (Lair:5)
  9 vampire knights
  The ghost of enarc13 the Covert, a journeyman OpIE of Dithmenos (D:13)
  9 deep elf demonologists
  8 deep elf annihilators
  10 spark wasps
  Snorg (Lair:5)
  14 ettins
  8 deep elf death magi
  A quicksilver dragon zombie (Depths:4)
  10 fire dragons
  Josephine (D:11)
  5 deep elf high priests
  8 yaktaur captains
  6 jiangshi
  14 death oozes
  17 ogre magi
  The ghost of MatthieuS the Zephyrmancer, a journeyman TeAE of Vehumet (Lair:5)
  6 rakshasas
  10 great orbs of eyes
  10 ice dragons
  20 vault guards
  11 naga warriors
  19 hydras
  A spriggan air mage (Depths:4)
  3 ghost crabs
  11 centaur warriors
  3 death knights
  13 anacondas
  54 two-headed ogres
  10 alligators
  29 dancing weapons
  10 deep troll shamans
  9 deep troll earth magi
  3 tengu warriors
  3 death yaks (Lair:6)
  4 vampire magi
  5 spriggan berserkers
  A sun demon (Depths:2)
  4 orc high priests
  16 naga sharpshooters
  A shock serpent (shapeshifter) (Elf:3)
  A soul eater (Depths:2)
  30 deep elf knights
  3 shock serpents
  A salamander mystic (Depths:3)
  3 hell knights
  A golden dragon zombie (Depths:1)
  A fire crab (Lair:4)
  4 skeletal warriors (Vaults:2)
  A sixfirhy (Depths:2)
  3 shadow wraiths
  13 large abominations
  5 unseen horrors
  7 swamp dragons
  20 deep trolls
  3 shambling mangroves
  2 glowing orange brains
  2 spriggan druids
  5 wizards
  5 flayed ghosts
  A death drake (Swamp:4)
  20 deep elf archers
  8 ironbrand convokers
  7 necromancers
  11 phantasmal warriors
  Pikel (D:9)
  10 naga ritualists
  A spectral hydra (Swamp:4)
  A lindwurm (Lair:6)
  3 harpies (Vaults:2)
  A harpy (shapeshifter) (Depths:3)
  A mana viper (shapeshifter) (Depths:3)
  2 wolf spider zombies
  An oklob plant (Lair:2)
  10 mana vipers
  24 orc knights
  3 fire giant zombies (Depths:2)
  14 orc sorcerers
  3 shining eyes
  58 deep elf magi
  35 ugly things
  9 salamanders
  8 wolf spiders
  A manticore (D:15)
  3 frost giant zombies (Depths:2)
  A faun (shapeshifter) (Vaults:1)
  5 cyclopes
  2 eyes of devastation
  5 elephants (Lair:6)
  A titan simulacrum (Depths:1)
  A stone giant skeleton (Depths:1)
  2 centaur zombies
  44 black mambas
  16 vault sentinels
  3 molten gargoyles (Lair:6)
  A rust devil (Depths:2)
  19 naga magi
  3 gargoyles
  19 spiny frogs
  A torpor snail (Lair:6)
  A rime drake (shapeshifter) (Depths:1)
  A yaktaur (shapeshifter) (Vaults:2)
  39 yaktaurs
  6 rime drakes
  4 swamp worm zombies (Swamp:4)
  6 freezing wraiths
  3 tengu conjurers
  7 komodo dragons
  10 trolls
  5 hydra zombies (Swamp:4)
  Prince Ribbit (D:7)
  A polar bear (Lair:4)
  6 tyrant leeches
  10 hornets
  A merfolk (shapeshifter) (Depths:2)
  A hornet (shapeshifter) (Vaults:4)
  60 slime creatures
  11 bog bodies
  20 blink frogs
  A spriggan zombie (Depths:1)
  4 spectral swamp dragons (Swamp:4)
  3 alligator zombies (Swamp:4)
  A fire dragon zombie (Depths:1)
  4 dream sheep (Lair:6)
  A meliai zombie (D:10)
  10 hippogriffs
  5 flying skulls
  5 water elementals
  11 wraiths
  5 air elementals
  4 wyverns (Lair:6)
  3 shadows
  5 vampires
  6 spriggans
  A fire dragon skeleton (Depths:1)
  A tarantella (shapeshifter) (D:15)
  7 fire elementals
  2 hogs (D:15)
  Grum (D:10)
  8 basilisks
  4 fire bats (Depths:3)
  2 golden eyes (shapeshifter)
  4 golden eyes (Slime:4)
  26 yaks
  3 hungry ghosts
  10 small abominations
  A steam dragon (Lair:6)
  2 chaos spawn (Depths:4)
  A neqoxec (Depths:2)
  8 vampire mosquitoes
  7 wargs
  12 insubstantial wisps (Swamp:4)
  41 nagas
  A naga (shapeshifter) (Depths:3)
  16 swamp worms
  10 water moccasins
  Duvessa (D:7)
  A floating eye (Depths:4)
  11 hell hounds
  3 ice beasts
  5 porcupines (Lair:2)
  6 swamp drakes
  A hornet zombie (D:11)
  53 orc warriors
  3 sky beasts
  2 black bears (shapeshifter)
  An ettin simulacrum (Vaults:3)
  4 boggarts
  2 swamp dragon zombies (Swamp:4)
  38 ogres
  3 necrophages (D:11)
  12 wolves
  8 phantoms
  26 centaurs
  5 eyes of draining
  12 crocodiles
  2 big kobolds
  3 earth elementals
  2 human simulacra
  A tengu simulacrum (Depths:1)
  10 bullfrogs
  Dowan (D:7)
  5 killer bees (D:13)
  A howler monkey (D:12)
  A howler monkey (shapeshifter) (Depths:1)
  27 wights
  An electric eel (Lair:3)
  A bullfrog zombie (D:9)
  4 crimson imps
  5 lava snakes (Lair:6)
  A quasit (D:7)
  5 hounds
  6 jellies
  28 orc priests
  3 centaur skeletons
  4 iron imps (Depths:2)
  2 iguanas
  4 worker ants
  A spectral swamp drake (Swamp:4)
  4 hell rats (Lair:6)
  28 orc wizards
  5 mummies
  2 worker ant zombies
  Robin (D:4)
  11 gnolls
  14 adders
  2 swamp drake zombies (Swamp:4)
  8 shadow imps
  A white imp (Depths:2)
  6 oozes
  8 worms
  An adder skeleton (D:4)
  4 adder zombies
  2 dart slugs (D:2)
  4 leopard geckos
  136 orcs
  2 bats
  3 bat zombies (D:6)
  3 giant cockroaches
  A gnoll zombie (Ossuary)
  13 goblins
  14 hobgoblins
  12 jackals
  7 quokkas
  5 frilled lizards
  4 goblin zombies (Ossuary)
  4 hobgoblin zombies (Ossuary)
  18 kobolds
  2 kobold zombies (Ossuary)
  A leopard gecko skeleton (D:5)
  6 rats
  7 crawling corpses (Elf:3)
  A fungus (Lair:6)
  2 pillars of salt (Elf:2)
  A plant (Lair:6)
2107 creatures vanquished.

Vanquished Creatures (collateral kills)
  5 acid blobs
  An azure jelly (Slime:4)
  A war gargoyle (Vaults:3)
  2 stone giants
  A spark wasp (Depths:1)
  A death ooze (Slime:5)
  2 ice dragons
  A death knight (Vaults:3)
  3 two-headed ogres (Depths:1)
  A deep elf archer (Elf:2)
  A fire giant zombie (Depths:2)
  A shining eye (Slime:5)
  A deep elf mage (Elf:1)
  A vault sentinel (Vaults:3)
  A yaktaur (Depths:1)
  A slime creature (Depths:4)
  A centaur (D:8)
  A sky beast (D:8)
  2 orc warriors (Vaults:4)
  A bullfrog skeleton (D:8)
  4 orcs
33 creatures vanquished.

Vanquished Creatures (others)
  A titan (Vaults:5)
  A deep elf sorcerer (Elf:3)
  A vault warden (Vaults:5)
  A very ugly thing (Depths:2)
  A deep elf demonologist (Elf:1)
  An ettin (Vaults:4)
  A fire dragon (Depths:1)
  A quicksilver dragon skeleton (Depths:4)
  A vault guard (Vaults:5)
  2 dancing weapons (Elf:1)
  2 deep elf knights
  A golden dragon zombie (Depths:4)
  A deep troll (Vaults:4)
  An orc knight (Vaults:4)
  A frost giant skeleton (Depths:4)
  2 yaktaurs (Depths:3)
  An air elemental (Elf:1)
  A flying skull (Depths:2)
  2 fire elementals (Elf:1)
  A human (D:15)
  A swamp worm (Swamp:4)
  4 slaves (D:9)
  A boggart (Depths:1)
  2 ogres
  2 centaurs (D:8)
  2 orc priests
  2 orc wizards
  A centaur skeleton (D:9)
  A worker ant (D:4)
  10 orcs
  A giant cockroach (D:4)
  A goblin zombie (Ossuary)
  A kobold zombie (Ossuary)
  33 fungi
  5 pillars of salt
  29 plants
  A withered plant (D:11)
121 creatures vanquished.

Grand Total: 2261 creatures vanquished

Notes
Turn   | Place    | Note
-------+----------+-------------------------------------------
     0 | D:1      | MatthieuS the Kobold Enchanter began the quest for the Orb.
     0 | D:1      | Reached XP level 1. HP: 10/10 MP: 3/3
   181 | D:1      | Reached XP level 2. HP: 10/16 MP: 3/5
   194 | D:1      | Learned a level 2 spell: Ensorcelled Hibernation
   683 | D:2      | Reached skill level 1 in Fighting
   683 | D:2      | Reached XP level 3. HP: 20/20 MP: 6/6
   695 | D:2      | Found a burning altar of Makhleb.
  1739 | D:2      | Learned a level 3 spell: Confuse
  1765 | D:2      | Reached XP level 4. HP: 25/25 MP: 0/8
  2145 | D:3      | Reached skill level 3 in Dodging
  2225 | D:3      | Found a glowing silver altar of Zin.
  2240 | D:3      | Became a worshipper of Zin the Law-Giver
  2240 | D:3      | Reached * piety under Zin
  2305 | D:3      | Reached XP level 5. HP: 20/29 MP: 2/9
  2671 | D:3      | Found an opulent altar of Gozag.
  3213 | D:4      | Found a sand-covered staircase.
  3219 | Ossuary  | Entered an ossuary
  3219 | Ossuary  | Noticed a wraith
  3219 | Ossuary  | Noticed a wraith
  3219 | Ossuary  | Noticed a wraith
  3484 | Ossuary  | Learned a level 3 spell: Dazzling Spray
  3508 | Ossuary  | Reached ** piety under Zin
  3552 | Ossuary  | Noticed a wraith
  3577 | Ossuary  | Killed a wraith
  3577 | Ossuary  | Reached skill level 5 in Stealth
  3577 | Ossuary  | Reached skill level 1 in Invocations
  3577 | Ossuary  | Reached XP level 6. HP: 15/36 MP: 7/11
  3934 | Ossuary  | Reached XP level 7. HP: 40/40 MP: 12/12
  4421 | D:4      | Reached skill level 4 in Dodging
  5062 | D:4      | Noticed MatthieuS's ghost (novice TeAE)
  5208 | D:5      | Entered Level 5 of the Dungeon
  5476 | D:5      | Learned a level 3 spell: Tukima's Dance
  5595 | D:5      | Reached *** piety under Zin
  5634 | D:5      | Reached XP level 8. HP: 46/46 MP: 13/13
  5649 | D:4      | Found a glowing golden altar of the Shining One.
  5661 | D:4      | Noticed Robin
  5742 | D:4      | Killed Robin
  6082 | D:5      | Found an ornate altar of the Wu Jian Council.
  7343 | D:6      | Found a white marble altar of Elyvilon.
  7445 | D:6      | Found an ancient bone altar of Kikubaaqudgha.
  7630 | D:6      | Found a snail-covered altar of Cheibriados.
  7678 | D:6      | Reached skill level 5 in Short Blades
  7776 | D:6      | Reached skill level 5 in Dodging
  7877 | D:7      | Noticed Duvessa
  7877 | D:7      | Noticed Prince Ribbit
  7891 | D:7      | Killed Prince Ribbit
  7891 | D:7      | Reached skill level 5 in Hexes
  7891 | D:7      | Reached XP level 9. HP: 52/52 MP: 12/16
  7913 | D:7      | Noticed Dowan
  7920 | D:7      | Killed Duvessa
  8076 | D:7      | Killed Dowan
  8143 | D:7      | Reached skill level 5 in Spellcasting
  8342 | D:7      | Reached **** piety under Zin
  8440 | D:7      | Found a staircase to the Ecumenical Temple.
  8682 | D:7      | Reached skill level 6 in Dodging
  8722 | D:7      | Got a dazzling leather armour
  8733 | D:7      | Identified the +3 leather armour of a Billion Beds {*Contam MR++ Str+2} (You found it on level 7 of the Dungeon)
  8888 | D:8      | Found Lentestri's Assorted Antiques.
  8891 | D:8      | Bought an ancient robe for 182 gold pieces
  8891 | D:8      | Bought a sapphire potion for 28 gold pieces
  8891 | D:8      | Bought a scroll of identify for 64 gold pieces
  8891 | D:8      | Bought a scroll labeled LIEXAO DUAMERY for 32 gold pieces
  8891 | D:8      | Bought a scroll labeled GIRAMENAAFYI for 32 gold pieces
  8902 | D:8      | Identified the +5 robe of Paecweg {MR++ Regen+ rCorr Int+3} (You bought it in a shop on level 8 of the Dungeon)
  8908 | D:8      | Found a blossoming altar of Fedhas.
  9065 | D:8      | Noticed a two-headed ogre
  9095 | D:8      | Killed a two-headed ogre
  9095 | D:8      | Reached skill level 5 in Fighting
  9095 | D:8      | Reached XP level 10. HP: 59/59 MP: 9/18
  9192 | D:8      | Reached skill level 5 in Invocations
  9379 | D:8      | Found a sacrificial altar of Ru.
  9871 | D:8      | Found a staircase to the Lair.
 10089 | D:9      | Reached skill level 7 in Dodging
 10346 | D:9      | Noticed Pikel
 10351 | D:9      | Killed Pikel
 10354 | D:9      | Noticed a two-headed ogre
 10491 | D:9      | Got a faintly humming shield
 10592 | D:9      | Killed a two-headed ogre
 10592 | D:9      | Reached XP level 11. HP: 64/64 MP: 7/20
 10725 | D:8      | Identified the cursed +0 shield of Kifreuph {rF++} (You took it off an orc on level 9 of the Dungeon)
 10890 | D:9      | Noticed Gastronok
 10914 | D:9      | Killed Gastronok
 10914 | D:9      | Reached skill level 8 in Dodging
 10914 | D:9      | Reached skill level 10 in Stealth
 10951 | D:9      | Reached ***** piety under Zin
 11312 | D:9      | Found a staircase to the Orcish Mines.
 11495 | D:10     | Entered Level 10 of the Dungeon
 11869 | D:10     | Noticed Grum
 11916 | D:10     | Killed Grum
 12217 | Lair:1   | Entered Level 1 of the Lair of Beasts
 13016 | Lair:2   | Reached XP level 12. HP: 62/72 MP: 23/23
 13349 | Lair:2   | Learned a level 3 spell: Inner Flame
 13389 | Lair:2   | Found a staircase to the Snake Pit.
 13479 | Lair:2   | Reached skill level 9 in Dodging
 13585 | Lair:2   | Reached ****** piety under Zin
 13717 | Lair:2   | You fall through a shaft for 2 floors!
 13934 | Lair:4   | Noticed a five-headed hydra
 13935 | Lair:4   | Noticed an eight-headed hydra
 13970 | Lair:4   | Killed a five-headed hydra
 13970 | Lair:4   | Reached skill level 10 in Short Blades
 14228 | Lair:4   | Noticed a fire crab
 14238 | Lair:4   | Killed a fire crab
 14425 | Lair:4   | Noticed a five-headed hydra
 14427 | Lair:4   | Killed a five-headed hydra
 14427 | Lair:4   | Reached XP level 13. HP: 79/79 MP: 25/25
 14441 | Lair:4   | Noticed a four-headed hydra
 14457 | Lair:4   | Killed a four-headed hydra
 14620 | Lair:4   | Noticed an eight-headed hydra
 14631 | Lair:4   | Killed an eight-headed hydra
 14984 | Lair:3   | Noticed an eight-headed hydra
 14986 | Lair:3   | Killed an eight-headed hydra
 14986 | Lair:3   | Reached skill level 10 in Dodging
 15092 | Lair:3   | Noticed an eight-headed hydra
 15099 | Lair:3   | Killed an eight-headed hydra
 15520 | Lair:3   | Found a shadowy altar of Dithmenos.
 15697 | Lair:3   | Learned a level 1 spell: Apportation
 15727 | Lair:3   | Found a staircase to the Swamp.
 16134 | Lair:5   | Noticed MatthieuS's ghost (journeyman TeAE)
 16252 | Lair:5   | Noticed Snorg
 16253 | Lair:5   | Identified Firifeem's Almanac of Poisonous Cold
 16261 | Lair:5   | Learned a level 3 spell: Ozocubu's Armour
 16264 | Lair:5   | Noticed Nessos
 16339 | Lair:5   | Killed Snorg
 16385 | Lair:5   | Killed Nessos
 16777 | Lair:5   | Killed MatthieuS's ghost
 16903 | Lair:6   | Entered Level 6 of the Lair of Beasts
 17319 | Lair:6   | Reached XP level 14. HP: 70/86 MP: 27/27
 17342 | Lair:6   | Found a viscous altar of Jiyva.
 17342 | Lair:6   | Found a staircase to the Slime Pits.
 17878 | Lair:6   | Found a large runed door.
 17931 | Lair:6   | Reached skill level 11 in Dodging
 18221 | Lair:6   | Found a large runed door.
 18365 | Lair:6   | Reached skill level 10 in Fighting
 18686 | Lair:6   | Reached skill level 10 in Invocations
 19390 | Snake:1  | Entered Level 1 of the Snake Pit
 19527 | Orc:1    | Entered Level 1 of the Orcish Mines
 19600 | Orc:1    | Reached skill level 10 in Hexes
 19918 | Orc:1    | Noticed a stone giant
 19928 | Orc:1    | Killed a stone giant
 19940 | Orc:1    | Found a bloodstained altar of Trog.
 19971 | Orc:2    | Entered Level 2 of the Orcish Mines
 19973 | Orc:2    | Noticed a stone giant
 19980 | Orc:2    | Reached skill level 10 in Spellcasting
 20118 | Orc:1    | Killed a stone giant
 20225 | Orc:1    | Found a bloodstained altar of Trog.
 20464 | Orc:2    | Noticed a stone giant
 20484 | Orc:2    | Reached XP level 15. HP: 48/93 MP: 21/29
 20592 | Orc:2    | HP: 3/93 [stone giant (34)]
 20641 | Orc:2    | Killed a stone giant
 20828 | Orc:2    | Noticed an orc warlord
 21002 | Orc:2    | Killed an orc warlord
 21153 | Orc:2    | Found Zantitij's Antique Armour Boutique.
 21155 | Orc:2    | Found Sasaub's Antique Weapon Boutique.
 21320 | Orc:2    | Reached skill level 12 in Dodging
 21460 | Orc:2    | Found Itueraibb's General Store.
 21460 | Orc:2    | Found Vuatsee's Book Shop.
 21464 | Orc:2    | Bought a scroll of summoning for 161 gold pieces
 21474 | Orc:2    | Bought a buckler for 126 gold pieces
 21720 | Orc:2    | Found a staircase to the Elven Halls.
 22050 | D:11     | Reached skill level 1 in Shields
 22435 | D:11     | Found Ufant's Distillery.
 22443 | D:11     | Bought 2 potions of ambrosia for 256 gold pieces
 22443 | D:11     | Bought a potion of mutation for 128 gold pieces
 22443 | D:11     | Bought a potion of heal wounds for 80 gold pieces
 22505 | D:11     | Noticed Josephine
 22521 | D:11     | Killed Josephine
 23554 | D:13     | Noticed enarc13's ghost (journeyman OpIE)
 23569 | D:13     | Killed enarc13's ghost
 23841 | D:13     | Found a gate to the Vaults.
 23932 | D:13     | Cast into level 1 of the Abyss (orc warrior)
 24001 | D:13     | Escaped the Abyss
 24221 | D:13     | Reached XP level 16. HP: 92/99 MP: 30/30
 24374 | D:14     | Found Alleruk's Weapon Shoppe.
 24693 | D:14     | Found Qyusod's General Store.
 24848 | D:14     | Noticed Frances
 24856 | D:14     | Killed Frances
 24935 | D:14     | Found Kodam's Armour Emporium.
 24950 | D:14     | Bought the +2 cloak of the Thief {+Fog Slay-2 SInv Stlth+} for 201 gold pieces
 24950 | D:14     | Found the +2 cloak of the Thief {+Fog Slay-2 SInv Stlth+}
 25197 | D:14     | Found Wigimp's Assorted Antiques.
 25205 | D:14     | Bought a gilded ring for 145 gold pieces
 25205 | D:14     | Bought a potion of ambrosia for 232 gold pieces
 25205 | D:14     | Bought a triangular bronze amulet for 145 gold pieces
 25432 | D:15     | Entered Level 15 of the Dungeon
 25600 | D:15     | Noticed Kirke
 25641 | D:15     | Noticed a sphinx
 25651 | D:15     | Killed Kirke
 26169 | D:15     | Found a staircase to the Depths.
 26280 | D:15     | Reached skill level 15 in Stealth
 26668 | D:15     | Reached skill level 1 in Evocations
 26687 | D:15     | Reached skill level 13 in Dodging
 26815 | D:15     | Noticed Rupert
 26822 | D:15     | Killed Rupert
 26972 | D:14     | Bought a +3 leather armour of poison resistance for 210 gold pieces
 27158 | Swamp:1  | Entered Level 1 of the Swamp
 27379 | Swamp:1  | Noticed a thorn hunter
 27391 | Swamp:1  | Killed a thorn hunter
 28077 | Swamp:2  | Upgraded the game from 0.22-a0-223-g0f5d773 to 0.22-a0-224-g8cf3520
 28193 | Swamp:1  | Reached XP level 17. HP: 106/106 MP: 32/32
 28619 | Swamp:2  | Noticed Jorgrun
 28757 | Swamp:2  | Killed Jorgrun
 28864 | Swamp:2  | Reached skill level 14 in Dodging
 29450 | Swamp:2  | Learned a level 2 spell: Shroud of Golubria
 29452 | Swamp:2  | Learned a level 1 spell: Infusion
 30216 | Swamp:3  | Reached skill level 1 in Charms
 30523 | Swamp:3  | Got a crude mace
 30535 | Swamp:3  | Identified the +9 mace "Kuapautz" {freeze, rPois rF+ Dex-2 SInv} (You found it on level 3 of the Swamp)
 30753 | Swamp:4  | Entered Level 4 of the Swamp
 31426 | Swamp:4  | Noticed a bone dragon
 31474 | Swamp:3  | Killed a bone dragon
 31737 | Swamp:3  | Reached skill level 15 in Dodging
 33724 | Swamp:4  | Reached skill level 15 in Short Blades
 34373 | Swamp:4  | Learned a level 2 spell: Blink
 34379 | Swamp:4  | Got a decaying rune of Zot
 34432 | Swamp:4  | Reached XP level 18. HP: 109/112 MP: 33/33
 34929 | Lair:2   | Reached skill level 1 in Translocations
 35692 | Snake:1  | Noticed Agnes
 35695 | Snake:1  | Killed Agnes
 36033 | Snake:1  | Reached skill level 16 in Dodging
 37238 | Snake:2  | Found a burning altar of Makhleb.
 38096 | Snake:2  | Reached skill level 17 in Dodging
 38447 | Snake:2  | Found a basalt altar of Yredelemnul.
 39053 | Snake:3  | Reached skill level 1 in Armour
 39141 | Snake:3  | Noticed Vashnia
 39180 | Snake:3  | Killed Vashnia
 39204 | Snake:3  | Reached XP level 19. HP: 61/120 MP: 34/34
 39650 | Snake:4  | Entered Level 4 of the Snake Pit
 40169 | Snake:4  | Reached skill level 1 in Ice Magic
 43087 | Snake:4  | Got a serpentine rune of Zot
 43449 | Vaults:1 | Entered Level 1 of the Vaults
 43898 | Vaults:1 | Reached skill level 18 in Dodging
 44519 | Vaults:1 | Found Fastraeso's Jewellery Boutique.
 44860 | Vaults:1 | Reached XP level 20. HP: 128/128 MP: 35/35
 46948 | Vaults:2 | Reached skill level 15 in Fighting
 47070 | Vaults:2 | Reached skill level 5 in Charms
 47675 | Vaults:3 | Reached XP level 21. HP: 134/134 MP: 34/36
 48104 | Vaults:3 | Found a staircase to the Crypt.
 48150 | Vaults:3 | Upgraded the game from 0.22-a0-224-g8cf3520 to 0.22-a0-228-g3692b99
 48327 | Vaults:3 | Reached skill level 19 in Dodging
 49030 | Vaults:3 | Found Caawkem's Armour Shop.
 50139 | Vaults:4 | Noticed Aizul
 50158 | Vaults:4 | Killed Aizul
 50187 | Vaults:4 | Noticed Margery
 50578 | Vaults:4 | Reached XP level 22. HP: 141/141 MP: 37/37
 50754 | Vaults:4 | Killed Margery
 50963 | Vaults:4 | Got a shimmering golden ring
 51523 | Vaults:4 | Identified the ring "Dukut" {*Tele rC+} (You took it off an ironbrand convoker on level 4 of the Vaults)
 52018 | Depths:1 | Entered Level 1 of the Depths
 52576 | Depths:1 | Found a gateway to Hell.
 52827 | D:15     | Upgraded the game from 0.22-a0-228-g3692b99 to 0.22-a0-231-g1b571ea
 53322 | Depths:1 | Noticed a caustic shrike
 53345 | Depths:1 | Killed a caustic shrike
 53716 | Depths:1 | Found a sparkling altar of Nemelex Xobeh.
 53817 | Depths:1 | Reached skill level 20 in Dodging
 54122 | Depths:1 | Reached XP level 23. HP: 136/148 MP: 30/39
 54535 | Depths:2 | Found a one-way gate leading to the halls of Pandemonium.
 55453 | Depths:2 | Noticed Jory
 55813 | Depths:2 | HP: 7/148 [Jory/vampiric draining (39)]
 56058 | Depths:2 | Killed Jory
 56058 | Depths:2 | Reached skill level 5 in Armour
 57034 | Depths:2 | Found a basalt altar of Yredelemnul.
 57050 | Depths:2 | Learned a level 5 spell: Summon Mana Viper
 57151 | Depths:3 | Noticed Bai Suzhen
 57170 | Depths:3 | Killed Bai Suzhen
 57279 | Depths:3 | Identified the +2 pair of boots of Uraulon {rN+++ Str+3 Dex-4 Stlth+} (You found it on level 3 of the Depths)
 57382 | Depths:3 | Reached skill level 1 in Summonings
 58689 | Depths:3 | Found Ubol's Antique Armour Shop.
 58796 | Depths:3 | Found a viscous altar of Jiyva.
 58799 | Depths:3 | Reached XP level 24. HP: 157/157 MP: 40/40
 58973 | Depths:3 | Noticed a caustic shrike
 58976 | Depths:3 | Noticed a golden dragon
 58986 | Depths:3 | Killed a caustic shrike
 59520 | Depths:3 | Killed a golden dragon
 60416 | Depths:4 | Reached skill level 21 in Dodging
 60457 | Depths:4 | Found Xeuloh's Serpentskin Sales.
 60468 | Depths:4 | HP: 1/159 [spriggan berserker/war axe (24)]
 60730 | Depths:4 | Noticed a golden dragon
 60778 | Depths:4 | Killed a golden dragon
 61560 | Depths:4 | Found a gateway to a ziggurat.
 61605 | Depths:4 | Got a transparent lapis lazuli ring
 61780 | Depths:4 | Identified the Disquisition on the Bewitching Birds
 61789 | Depths:4 | Learned a level 6 spell: Invisibility
 61795 | Depths:4 | Learned a level 5 spell: Silence
 61802 | Depths:4 | Learned a level 6 spell: Deflect Missiles
 61958 | Depths:4 | Found a one-way gate to the infinite horrors of the Abyss.
 61966 | Depths:4 | Reached XP level 25. HP: 165/165 MP: 35/41
 61998 | Depths:4 | Reached skill level 1 in Air Magic
 62105 | Depths:4 | Identified the ring of Fonuosia {MR+ MP+9 Int-2 Dex+6 Stlth+} (You took it off a deep elf demonologist on level 4 of the Depths)
 62563 | Depths:5 | Entered Level 5 of the Depths
 63098 | Elf:1    | Entered Level 1 of the Elven Halls
 64777 | Elf:2    | Learned a level 5 spell: Aura of Abjuration
 64826 | Elf:2    | Found a huge runed gate.
 64826 | Elf:2    | Found a huge runed gate.
 64826 | Elf:2    | Found a huge runed gate.
 64826 | Elf:2    | Found a huge runed gate.
 64826 | Elf:2    | Found a huge runed gate.
 65485 | Elf:3    | Entered Level 3 of the Elven Halls
 65496 | Elf:3    | Found Xinurchay's Book Emporium.
 65542 | Elf:3    | Bought a book of Burglary for 1125 gold pieces
 65551 | Elf:3    | Learned a level 6 spell: Darkness
 66367 | Elf:3    | Reached skill level 5 in Summonings
 66892 | Elf:3    | Reached XP level 26. HP: 136/173 MP: 41/41
 67114 | Elf:3    | Reached skill level 22 in Dodging
 67306 | Elf:3    | Got a jewelled shield
 67310 | Elf:3    | Identified the +4 shield of Agoraphobia {Str+5} (You took it off a deep elf elementalist on level 3 of the Elven Halls)
 67318 | Elf:3    | Got a fabulously ornate robe
 67319 | Elf:3    | Identified the +1 robe of the Gastropod {-Tele rElec Str+2 Int+4} (You took it off a deep elf sorcerer on level 3 of the Elven Halls)
 67383 | Elf:3    | Got a scorched platinum ring
 67384 | Elf:3    | Identified the ring "Nolyome" {Fire rPois} (You found it on level 3 of the Elven Halls)
 67405 | Elf:3    | Learned a level 4 spell: Cause Fear
 67407 | Elf:3    | Identified Reonaont's Volume of Toxic Transmigration
 67556 | Elf:3    | Identified the +3 trident "Lith" {pierce, Int+3} (You took it off a deep elf sorcerer on level 3 of the Elven Halls)
 67750 | Elf:2    | Reached skill level 5 in Shields
 68657 | Vaults:5 | Entered Level 5 of the Vaults
 68941 | Vaults:5 | Got a transparent quick blade
 68942 | Vaults:5 | Identified the +1 quick blade of Emetwif {holy, Str+7 Int+3} (You found it on level 5 of the Vaults)
 69207 | Vaults:4 | Learned a level 6 spell: Shadow Creatures
 69880 | Vaults:5 | Got a silver rune of Zot
 70491 | Vaults:5 | Reached skill level 23 in Dodging
 70588 | Vaults:5 | HP: 4/175 [titan (53)]
 71041 | D:13     | Upgraded the game from 0.22-a0-231-g1b571ea to 0.22-a0-238-gd711f93
 71277 | Slime:1  | Entered Level 1 of the Pits of Slime
 71302 | Slime:1  | Reached skill level 10 in Summonings
 71540 | Slime:3  | Gained mutation: You are frail. (-10% HP) [a shining eye]
 71909 | Slime:5  | Entered Level 5 of the Pits of Slime
 72285 | Slime:5  | Noticed the Royal Jelly
 72286 | Slime:5  | Found a viscous altar of Jiyva.
 72321 | Slime:5  | HP: 3/158 [acid[the Royal Jelly] (5)]
 72769 | Slime:5  | Reached XP level 27. HP: 157/162 MP: 39/41
 72807 | Slime:5  | Found the cursed necklace of Bloodlust {*Rage +Rage MR++ Int-3 Slay+6 *Curse}
 73743 | Slime:3  | HP: 2/162 [acid[the Royal Jelly] (8)]
 73746 | Slime:2  | Splashed by an acid blob's acid

Vault maps used:
D:1:      dpeg_arrival_tiny_h
D:2:      lemuel_coloured_pillars_altar
D:3:      nicolae_overflow_crystal_walls, old_standard_altar, minivault_26
D:4:      overflow_temple_1_default, first_ration, gup_ossuary_entry_pyramid,
          uniq_robin
D:5:      old_standard_altar, minmay_misc_feat_diagonals,
          hangedman_abyss_or_decor_lesser_grid
D:6:      marbit_many_paths, overflow_temple_1_default,
          lemuel_zombie_altar_kikubaaqudgha
D:7:      minmay_temple_entry_from_below_a, lightli_orcish_oven, uniq_duvessa,
          uniq_prince_ribbit1
D:8:      nicolae_whirlpool, nicolae_ru_awakened_eye, basic_altar, serial_shops,
          kennysheep_mini_moat
D:9:      hiddenorc2_lemuel, uniq_pikel, uniq_gastronok
D:10:     uniq_grum
D:11:     serial_undead, serial_undead_c, serial_undead_d, serial_undead_e,
          serial_undead_e, serial_undead_c, serial_undead_a, serial_undead_c,
          serial_undead_b, serial_shops, shop, uniq_josephine
D:13:     hangedman_vaults_entry_quadrant_bands, hangedman_little_slice_of_home
D:14:     serial_shops, nicolae_shop_waterfront, shop, shop,
          nicolae_shop_crystal, minmay_misc_feat_cross, uniq_frances
D:15:     hangedman_depths_entry_civil_slaughter, serial_co_window_serial,
          co_window_paths_b, co_window_paths_a, co_window_corner_a,
          co_window_corner_a, co_window_of_opportunity_a, co_window_broadway_a,
          co_window_broadway_c, co_window_broadway_c, co_window_cross_2,
          co_window_of_opportunity_b, co_window_4corner_a, moated_statue,
          uniq_rupert, uniq_kirke
Lair:2:   dummy_snake_entry, nzn_random_ring
Lair:3:   swamp_mist_pool, basic_altar, serial_bayou_shore_b, grunt_megastairs_1
Lair:4:   minmay_lair_venomous_thicket, hangedman_lair_generics_rect
Lair:5:   infiniplex_staircase_pool, uniq_snorg, uniq_nessos
Lair:6:   cheibrodos_lair_end_hotspot, slime_altar_1, wad_woods_road_04
Swamp:1:  nicolae_swamp_fairy_circle
Swamp:2:  nicolae_swamp_feature_on_the_river_bank, swamp_pool3, uniq_jorgrun
Swamp:3:  nicolae_swamp_stair_fork, swamp_pool1, st_swamp_ruins_2
Swamp:4:  swamp_pestilence
Snake:1:  uniq_agnes
Snake:2:  hangedman_feature_mirror
Snake:3:  hangedman_corner_corridor, uniq_vashnia
Snake:4:  snake_pit
Slime:1:  cheibrodos_slime_lost_civilization_6
Orc:1:    basic_altar, trog_hazing_becter
Orc:2:    st_orc_congregation
Elf:1:    eino_elf_arrival_shootout, orc_legates
Elf:2:    laboratory
Elf:3:    minmay_elf_hall_hex, serial_shops, nicolae_shop_statue_plus
Vaults:1: nicolae_vaults_asterisk, vaults_dpeg_hooks, hangedman_vaults_locks,
          v_misc_9, v_rooms_4, v_misc_32, vaults_mumra_hex, serial_shops, shop
Vaults:2: ontoclasm_vaults_spin, dpeg_vaults_monster_box,
          ontoclasm_vaults_tryst, vaults_room_pool, v_misc_15,
          vaults_room_grunt_arrival_ludios, v_misc_13, v_misc_22,
          nicolae_vaults_circle_grid_b, hangedman_vaults_stretched_pinwheel
Vaults:3: vaults_room_pools, nicolae_vaults_asterisk, ontoclasm_vaults_eye,
          minmay_crypt_entry_vampire_xt, v_misc_9, dpeg_vaults_monster_row,
          ontoclasm_vaults_gateway, grunt_vaults_hallway_long,
          vaults_room_fours, hangedman_vaults_stitches, kb_rosetta,
          nicolae_vaults_specimen_jars, serial_shops, shop
Vaults:4: vaults_room_semicircle, nicolae_vaults_little_squares_1,
          nicolae_vaults_ring_of_whatevers, v_misc_4, st_octagons_1,
          hangedman_vaults_maws, nicolae_vaults_little_squares_6,
          nicolae_vaults_what_the_h, vaults_room_fancy_cross, uniq_aizul,
          uniq_margery
Vaults:5: uniq_jory
Depths:1: minmay_triangles_in_corner, hangedman_coc_ice_floe,
          minmay_misc_feat_rows, nemelex_xobeh_ov_fountains_minmay
Depths:2: lemuel_vampire_tower, hell_entry, minmay_misc_feat_room,
          grunt_pan_entry_sceptre, item_on_display_a, uniq_bai_suzhen
Depths:3: minmay_quarter_circles, special_room, hell_entry, pan_entry,
          serial_shops, shop, minmay_staircase_bubble, serial_bayou_shore_a
Depths:4: hangedman_cross_cluster, enter_ziggurat_b, rand_demon_pan_entry_5,
          pf_hell_entry_tar_spiral, minmay_room_of_horrors, guppyfry_shop_venom
Depths:5: grunt_zot_entry_alcove, serial_shops, nicolae_shop_waterfront,
          minmay_misc_feat_hallway, pan_entry, hell_entry
Ossuary:  ossuary_kennysheep_city_of_the_dead

Skill      XL: |  1  2  3  4  5  6  7  8  9 10 11 12 13 14 15 16 17 18 19 20 21 22 23 24 25 26 27 |
---------------+----------------------------------------------------------------------------------+-----
Fighting       | 1 2 3 4 5 6 7 8 9 10 11 12 13 14 15 16 17 19 20 | 20.6
Short Blades   | 2 3 4 5 6 7 9 10 11 12 13 14 15 16 17 18 | 18.0
Dodging        | 3 4 5 6 7 8 9 10 11 12 13 15 17 18 19 20 21 23 | 23.6
Spellcasting   | 3 4 5 6 7 8 9 10 11 12 13 14 | 14.6
Stealth        | 5 6 7 8 9 10 11 12 13 14 15 16 17 18 19 20 21 22 | 22.5
Invocations    | 1 2 3 4 5 7 8 9 10 11 12 13 14 | 14.3
Hexes          | 4 5 6 7 8 9 10 11 12 13 14 | 14.0
Shields        | 3 4 7 |  7.7
Evocations     | 3 4 |  4.0
Charms         | 3 5 6 7 |  7.0
Translocations | 4 |  4.0
Armour         | 1 3 4 5 |  5.0
Ice Magic      | 3 |  3.3
Summonings     | 3 4 5 11 12 | 12.1
Air Magic      | 4 |  4.2

Action                   |  1- 3 |  4- 6 |  7- 9 | 10-12 | 13-15 | 16-18 | 19-21 | 22-24 | 25-27 || total
-------------------------+-------+-------+-------+-------+-------+-------+-------+-------+-------++-------
Melee: Dagger            |    82 |   248 |   594 |    79 |       |       |       |       |       ||  1003
       Rapier            |       |       |       |   316 |   955 |  1665 |  1783 |  1734 |  1644 ||  8097
       Quick blade       |       |       |       |       |       |       |       |       |    29 ||    29
 Cast: Corona            |     4 |       |     2 |     5 |    12 |    21 |       |     1 |     4 ||    49
       Ensorcelled Hiber |    20 |    19 |    40 |    82 |   236 |   145 |   136 |   126 |    44 ||   848
       Confuse           |       |     2 |    34 |    56 |   118 |   198 |    70 |   235 |    49 ||   762
       Dazzling Spray    |       |       |     2 |     4 |    10 |     2 |    17 |    42 |     7 ||    84
       Ozocubu's Armour  |       |       |       |       |     2 |    20 |    40 |    53 |    34 ||   149
       Tukima's Dance    |       |       |       |       |       |     3 |       |       |       ||     3
       Infusion          |       |       |       |       |       |    35 |    41 |    53 |    30 ||   159
       Shroud of Golubri |       |       |       |       |       |    36 |    45 |    57 |    25 ||   163
       Blink             |       |       |       |       |       |     1 |     2 |     4 |    13 ||    20
       Summon Mana Viper |       |       |       |       |       |       |       |     7 |    19 ||    26
       Invisibility      |       |       |       |       |       |       |       |     1 |    23 ||    24
       Darkness          |       |       |       |       |       |       |       |       |     6 ||     6
       Silence           |       |       |       |       |       |       |       |       |     1 ||     1
       Aura of Abjuratio |       |       |       |       |       |       |       |       |     1 ||     1
       Cause Fear        |       |       |       |       |       |       |       |       |     3 ||     3
       Shadow Creatures  |       |       |       |       |       |       |       |       |    14 ||    14
Invok: Recite            |       |     1 |     6 |     3 |    19 |     2 |    36 |    19 |    15 ||   101
       Sanctuary         |       |       |       |       |     2 |     1 |       |     3 |     8 ||    14
       Vitalisation      |       |       |       |       |       |     2 |       |     8 |    13 ||    23
       Imprison          |       |       |       |       |       |       |       |       |     2 ||     2
 Abil: Evoke Fog         |       |       |       |       |       |       |       |     1 |       ||     1
Evoke: Wand              |       |     6 |     8 |    10 |     2 |     9 |    21 |    42 |    15 ||   113
       Lamp of fire      |       |       |       |       |       |       |       |     2 |     2 ||     4
  Use: Scroll            |       |     9 |    14 |    11 |    10 |     8 |     6 |    18 |    30 ||   106
       Potion            |       |     4 |     3 |     1 |    10 |    14 |     9 |    17 |    20 ||    78
 Stab: Sleeping          |    17 |    17 |    25 |    63 |   133 |    91 |    88 |    73 |    52 ||   559
       Distracted        |     1 |       |     1 |     3 |     1 |    12 |     8 |     9 |    19 ||    54
       Confused          |       |     3 |    32 |    31 |    58 |    76 |    86 |   136 |    31 ||   453
       Invisible         |       |       |     1 |     1 |    27 |       |     9 |     7 |    60 ||   105
       Paralysed         |       |       |     1 |       |    27 |       |    20 |       |     3 ||    51
       Fleeing           |       |       |       |       |       |       |       |       |     1 ||     1
  Eat: Chunk             |    12 |     6 |    22 |    20 |    26 |    38 |     5 |    13 |     1 ||   143
       Ration            |       |       |       |       |       |     8 |    13 |    13 |    29 ||    63
Armor: Robe              |     5 |     2 |     3 |    82 |   123 |    47 |   107 |   221 |   196 ||   786
       Leather armour    |       |    63 |   123 |       |       |   157 |    67 |       |       ||   410
Dodge: Dodged            |    50 |   170 |   488 |   357 |   829 |  1269 |  1278 |  1630 |  1421 ||  7492
Block: Buckler           |       |       |       |       |    80 |   610 |   601 |   681 |   668 ||  2640

Table legend:
 A = Spawn XP
 B = Non-spawn XP
 C = Spawn XP percentage of total XP
 D = Spawn monster count
 E = Non-spawn monster count
 F = Spawn count percentage of total count
 G = Total turns spent on level
                    A         B        C        D         E        F      G
               +---------+---------+-------+---------+---------+-------+---------
         Total |       0 | 1069230 |   0.0 |       0 |    2106 |   0.0 | 73746
               +---------+---------+-------+---------+---------+-------+---------
           D:1 |       0 |      13 |   0.0 |       0 |       8 |   0.0 |   536
           D:2 |       0 |      78 |   0.0 |       0 |      24 |   0.0 |  1501
           D:3 |       0 |     116 |   0.0 |       0 |      25 |   0.0 |  1065
           D:4 |       0 |     333 |   0.0 |       0 |      37 |   0.0 |  1531
           D:5 |       0 |     361 |   0.0 |       0 |      13 |   0.0 |  1514
           D:6 |       0 |     679 |   0.0 |       0 |      21 |   0.0 |   899
           D:7 |       0 |    1359 |   0.0 |       0 |      19 |   0.0 |   863
           D:8 |       0 |    2234 |   0.0 |       0 |      19 |   0.0 |  1493
           D:9 |       0 |    6317 |   0.0 |       0 |      62 |   0.0 |  1755
          D:10 |       0 |    1859 |   0.0 |       0 |      21 |   0.0 |   810
          D:11 |       0 |    5880 |   0.0 |       0 |      39 |   0.0 |   871
          D:12 |       0 |    2904 |   0.0 |       0 |      13 |   0.0 |   668
          D:13 |       0 |   12673 |   0.0 |       0 |      53 |   0.0 |  1661
          D:14 |       0 |   12100 |   0.0 |       0 |      22 |   0.0 |  1241
          D:15 |       0 |   18473 |   0.0 |       0 |      36 |   0.0 |  1949
        Lair:1 |       0 |    1767 |   0.0 |       0 |      10 |   0.0 |   812
        Lair:2 |       0 |    5761 |   0.0 |       0 |      24 |   0.0 |  1418
        Lair:3 |       0 |    8771 |   0.0 |       0 |      29 |   0.0 |  1094
        Lair:4 |       0 |    9942 |   0.0 |       0 |      30 |   0.0 |  1380
        Lair:5 |       0 |    4399 |   0.0 |       0 |       8 |   0.0 |   882
        Lair:6 |       0 |   21567 |   0.0 |       0 |      70 |   0.0 |  2398
       Swamp:1 |       0 |   14734 |   0.0 |       0 |      36 |   0.0 |  1227
       Swamp:2 |       0 |   13527 |   0.0 |       0 |      24 |   0.0 |  1402
       Swamp:3 |       0 |   18672 |   0.0 |       0 |      35 |   0.0 |  2450
       Swamp:4 |       0 |   19573 |   0.0 |       0 |      68 |   0.0 |  2399
       Snake:1 |       0 |   21231 |   0.0 |       0 |      40 |   0.0 |  1765
       Snake:2 |       0 |   23125 |   0.0 |       0 |      45 |   0.0 |  1794
       Snake:3 |       0 |   20388 |   0.0 |       0 |      29 |   0.0 |  1393
       Snake:4 |       0 |   39511 |   0.0 |       0 |      59 |   0.0 |  3179
       Slime:1 |       0 |    8378 |   0.0 |       0 |       4 |   0.0 |   136
       Slime:2 |       0 |    2639 |   0.0 |       0 |       7 |   0.0 |   127
       Slime:3 |       0 |    5794 |   0.0 |       0 |      10 |   0.0 |   561
       Slime:4 |       0 |    5336 |   0.0 |       0 |      16 |   0.0 |   828
       Slime:5 |       0 |   22914 |   0.0 |       0 |      28 |   0.0 |   817
         Orc:1 |       0 |    5135 |   0.0 |       0 |      28 |   0.0 |   692
         Orc:2 |       0 |   21195 |   0.0 |       0 |     116 |   0.0 |  1592
         Elf:1 |       0 |   24424 |   0.0 |       0 |      53 |   0.0 |  1138
         Elf:2 |       0 |   44262 |   0.0 |       0 |      67 |   0.0 |  1926
         Elf:3 |       0 |   66670 |   0.0 |       0 |      71 |   0.0 |  2154
      Vaults:1 |       0 |   46328 |   0.0 |       0 |      95 |   0.0 |  2048
      Vaults:2 |       0 |   48921 |   0.0 |       0 |      86 |   0.0 |  1954
      Vaults:3 |       0 |   62583 |   0.0 |       0 |     107 |   0.0 |  2244
      Vaults:4 |       0 |   69389 |   0.0 |       0 |      84 |   0.0 |  2494
      Vaults:5 |       0 |   53698 |   0.0 |       0 |      48 |   0.0 |  1579
      Depths:1 |       0 |   78126 |   0.0 |       0 |      94 |   0.0 |  3085
      Depths:2 |       0 |   38053 |   0.0 |       0 |      64 |   0.0 |  1979
      Depths:3 |       0 |   85487 |   0.0 |       0 |      91 |   0.0 |  2917
      Depths:4 |       0 |   88309 |   0.0 |       0 |     101 |   0.0 |  2511
      Depths:5 |       0 |    2955 |   0.0 |       0 |       2 |   0.0 |    36
       Ossuary |       0 |     287 |   0.0 |       0 |      15 |   0.0 |   909
               +---------+---------+-------+---------+---------+-------+---------
